Construct Section Command Post
Selects Australian Defense Battlegroup
Selects Australian Light Infantry Section
Australian Light Infantry Section
Australian Light Infantry Section
Construct Section Command Post
Construct Platoon Command Post
Selects CMP 15cwt Supply Run
Unlock M3 Stuart Light Tanks
6-pounder Anti-tank Gun Team
Selects Defensive Tactics
Selects Reinforced Resource Caches
Selects Charged Creeping Barrage
Construct Company Command Post
Unlock M3 Grant Medium Tanks
Australian Light Infantry Section
Unlock Bishop Self-propelled Artillery
Bishop Self-propelled Artillery